 Dungeon Crawl Stone Soup version 0.28.0-1-gb440e238dd (webtiles) character file.

Game seed: 6698103188619350640

10432 Cykl0x the Geomancer (level 11, 0/66 HPs)
             Began as a Gargoyle Earth Elementalist on Feb 20, 2022.
             Was a Priest of Vehumet.
             Slain by an orc warrior (17 damage)
             ... on level 9 of the Dungeon.
             The game lasted 00:34:56 (12852 turns).

Cykl0x the Geomancer (Gargoyle Earth Elementalist) Turns: 12852, Time: 00:35:03

Health: 0/66       AC: 21    Str: 13    XL:     11   Next: 62%
Magic:  9/32       EV: 10    Int: 19    God:    Vehumet [***...]
Gold:   1897       SH:  8    Dex: 16    Spells: 15/26 levels left

rFire   . . .      SeeInvis .   q - +0 scimitar (flame)
rCold   . . .      Faith    .   W - +0 kite shield
rNeg    + + .      Spirit   .   l - +6 ring mail "Lunata" {rN+ Dex+6}
rPois   ∞          Reflect  .   (no helmet)
rElec   +          Harm     .   K - scarf {repulsion}
rCorr   +          Rampage  .   (no gloves)
Will    .....                   T - +0 pair of boots {Fly}
Stlth   +.........              Q - amulet of the acrobat
HPRegen 0.21/turn               n - ring of magical power
MPRegen 0.23/turn               V - ring of resist corrosion

@: flying, repel missiles
A: sickness immunity, AC +8, negative energy resistance 1, electricity
resistance, torment resistance 1, petrification resistance
a: Renounce Religion


You were on level 9 of the Dungeon.
You worshipped Vehumet.
Vehumet was most pleased with you.
You visited 2 branches of the dungeon, and saw 11 of its levels.
You also visited: Sewer and Bailey.

You collected 1897 gold pieces.

Inventory:

Hand Weapons
 a - a +0 dagger
 d - a +1 short sword
 q - a +0 scimitar of flaming (weapon)
 E - a +2 short sword of venom
 H - a +4 great sword of freezing
 I - a +1 falchion of flaming
 N - a +4 dagger of speed
Missiles
 c - 315 stones
 R - 25 boomerangs
Armour
 b - a +0 robe
 f - a +2 robe of positive energy
 l - the +6 ring mail "Lunata" (worn) {rN+ Dex+6}
   (You found it on level 2 of the Dungeon)

   Dex:       It affects your dexterity (+6).
   rN:        It protects you from negative energy.
 s - a +0 cloak of stealth
 t - a scarf of shadows
 C - a +0 pair of boots
 K - a scarf of repulsion (worn)
 T - a +0 pair of boots of flying (worn)
 W - a +0 kite shield (worn)
Jewellery
 n - a ring of magical power (left hand)
 u - a +4 ring of evasion
 L - a +4 ring of protection
 P - an amulet of faith
 Q - an amulet of the acrobat (around neck)
 S - a +6 ring of intelligence
 V - a ring of resist corrosion (right hand)
 X - an amulet of regeneration
Wands
 v - a wand of mindburst (15)
 D - a wand of digging (6)
 J - a wand of paralysis (11)
 M - a wand of flame (20)
Scrolls
 o - a scroll of enchant armour
 p - 4 scrolls of teleportation
 x - 2 scrolls of fog
 y - 2 scrolls of immolation
 z - a scroll of blinking
 G - a scroll of brand weapon
 U - a scroll of identify
Potions
 e - 4 potions of attraction
 g - 5 potions of curing
 h - 2 potions of mutation
 i - a potion of cancellation
 j - a potion of invisibility
 k - 8 potions of flight
 m - 2 potions of heal wounds
 r - 3 potions of magic
 w - 2 potions of haste {unknown}
 A - 2 potions of brilliance {unknown}
 B - 2 potions of might {unknown}
 F - 3 potions of resistance
 O - 2 potions of berserk rage


   Skills:
 * Level 6.9 Fighting
 + Level 1.3(2.8) Short Blades
 + Level 3.9(4.0) Long Blades
 + Level 5.7 Armour
 + Level 3.4 Dodging
 - Level 2.1 Stealth
 + Level 1.6 Shields
 + Level 8.4 Spellcasting
 + Level 9.0 Conjurations
 + Level 0.1 Hexes
 - Level 0.7 Transmutations
 + Level 10.5 Earth Magic


You had 15 spell levels left.
You knew the following spells:

 Your Spells              Type           Power      Damage    Failure   Level
a - Sandblast             Erth           96%        2d20      1%          1
b - Stone Arrow           Conj/Erth      90%        3d12      1%          3
c - Magic Dart            Conj           100%       1d8       1%          1
d - Searing Ray           Conj           84%        2d7       1%          2
e - Fulminant Prism       Conj/Hex       12%        3d9       22%         4

Your spell library contained the following spells:

 Spells                   Type           Power      Damage    Failure   Level
 Hailstorm                Conj/Ice       25%        3d7       22%         4
 Foxfire                  Conj/Fire      100%       2x1d9     2%          1
 Static Discharge         Conj/Air       25%        N/A       4%          2
 Passwall                 Tmut/Erth      24%        N/A       9%          2
 Slow                     Hex            32%        N/A       47%         1
 Animate Skeleton         Necr           16%        N/A       50%         1
 Pain                     Necr           32%        1d5       50%         1
 Petrify                  Tmut/Erth      29%        N/A       50%         4
 Lightning Bolt           Conj/Air       12%        1d26      50%         5
 Confusing Touch          Hex            8%         N/A       85%         3
 Summon Guardian Golem    Hex/Summ       8%         N/A       86%         3
 Vampiric Draining        Necr           8%         2d6       86%         3
 Orb of Destruction       Conj           21%        9d8       94%         7
 Spellforged Servitor     Conj/Summ      12%        N/A       100%        7
 Maxwell's Capacitive Co  Air            4%         ∞         100%        8


Dungeon Overview and Level Annotations

Branches:
Dungeon (10/15)            Temple (1/1) D:5            Lair (0/6) D:9
  Sewer (visited)          Bailey (visited)
    Orc: D:9-12

Altars:
Elyvilon
Fedhas
Qazlal
Vehumet
Wu Jian
Zin

Portals:
Abyss: D:3

Annotations:
D:3 2 transporters, Ablot's ghost, amateur GnWr


Innate Abilities, Weirdness & Mutations

You are immune to sickness and miasma.
Your stone body is resilient. (AC +8)
You are immune to poison.
You resist negative energy. (rN+)
You are resistant to electric shocks. (rElec)
You are resistant to unholy torment.
You are immune to petrification.


Message History

* * * LOW HITPOINT WARNING * * *
You barely miss the orc wizard. You block the orc warrior's attack.
The orc wizard closely misses you.
The orc warrior hits you but does no damage.
You block the orc wizard's attack.
Casting: Stone Arrow (safe; 1% risk of failure)
Confirm with . or Enter, or press ? or * to list all spells.
Aiming: Stone Arrow (safe; 1% risk of failure)
Press: ? - help, Shift-Dir - straight line, f - orc wizard
Aim: an orc wizard, wielding a +0 dagger and wearing a +0 robe (70% to hit)
The stone arrow misses the orc wizard.
The orc warrior hits you with a +0 war axe.
* * * LOW HITPOINT WARNING * * *
The orc wizard barely misses you.
Casting: Stone Arrow (safe; 1% risk of failure)
Confirm with . or Enter, or press ? or * to list all spells.
Aiming: Stone Arrow (safe; 1% risk of failure)
Press: ? - help, Shift-Dir - straight line, f/p - orc wizard
Aim: an orc wizard, wielding a +0 dagger and wearing a +0 robe (70% to hit)
The stone arrow hits the orc wizard!
You kill the orc wizard!
Vehumet accepts your kill.
You feel your power returning. The orc warrior closely misses you.
Casting: Stone Arrow (safe; 1% risk of failure)
Confirm with . or Enter, or press ? or * to list all spells.
Aiming: Stone Arrow (safe; 1% risk of failure)
Press: ? - help, Shift-Dir - straight line, f - orc warrior
Aim: an orc warrior, wielding a +0 war axe and wearing a +0 chain mail (73% to hit)
The stone arrow hits the orc warrior!
The orc warrior is moderately wounded.
The orc warrior barely misses you.
Casting: Stone Arrow (safe; 1% risk of failure)
Confirm with . or Enter, or press ? or * to list all spells.
Aiming: Stone Arrow (safe; 1% risk of failure)
Press: ? - help, Shift-Dir - straight line, f/p - orc warrior
Aim: an orc warrior, wielding a +0 war axe and wearing a +0 chain mail (moderately wounded, 73% to hit)
The stone arrow hits the orc warrior!
The orc warrior is severely wounded.
The orc warrior hits you with a +0 war axe!
You die...

#...........#..≈≈≈≈≈...
#...........#..≈...≈...
#...........#..≈.∩>≈...
#........().#..≈...≈...
#...........#..≈≈≈≈≈...
#######.....##.......##
#......................
#....o)................
#.....@................
#......................
#............(.........
#......................
#......................
#######################


You could see an orc warrior.

Vanquished Creatures
  A centaur warrior (D:10)
  A rakshasa (D:10)
  An ogre mage (D:10)
  Erica (D:8)
  A deep elf pyromancer (D:10)
  An ugly thing (D:8)
  A manticore (D:10)
  An elephant (D:9)
  Maurice (D:8)
  A troll (D:10)
  Grinder (D:3)
  A hornet (D:9)
  A slime creature (D:10)
  A wraith (D:5)
  2 wyverns
  A vampire mosquito (D:10)
  Grum (D:8)
  Edmund (D:5)
  5 water moccasins (D:7)
  8 orc warriors
  An ice beast (D:4)
  3 black bears
  2 necrophages (D:5)
  4 wolves (D:8)
  A sky beast (D:8)
  A centaur (D:10)
  2 phantoms (D:6)
  3 bullfrogs
  3 kobold brigands
  2 scorpions
  9 killer bees (D:9)
  4 wights (D:7)
  A howler monkey (D:6)
  2 bullfrog zombies
  A centaur zombie (D:9)
  3 jellies
  Crazy Yiuf (D:3)
  A gnoll shaman (D:4)
  3 orc priests
  A bullfrog skeleton (D:4)
  A centaur skeleton (D:6)
  An iguana (D:7)
  5 orc wizards
  A killer bee zombie (D:8)
  A hound skeleton (D:5)
  2 howler monkey zombies
  12 gnolls
  A howler monkey skeleton (D:7)
  10 adders
  An orc zombie (D:7)
  7 river rats
  A gnoll zombie (D:7)
  A white imp (D:5)
  A worm (D:3)
  2 dart slugs
  31 orcs
  7 ball pythons
  12 bats
  5 endoplasms
  6 giant cockroaches
  12 goblins
  7 hobgoblins
  4 jackals
  35 kobolds
  6 quokkas
  2 frilled lizards
  5 rats
259 creatures vanquished.

Vanquished Creatures (others)
  3 fulminant prisms
  A plant (D:9)
4 creatures vanquished.

Grand Total: 263 creatures vanquished

Notes
Turn   | Place    | Note
-------+----------+-------------------------------------------
     0 | D:1      | Cykl0x the Gargoyle Earth Elementalist began the quest for
                  | the Orb.
     0 | D:1      | Reached XP level 1. HP: 10/10 MP: 3/3
   224 | D:1      | Found a faded altar of an unknown god.
   229 | D:1      | Got Plato's Reference Book on the Harmful Arsonist
   235 | D:1      | Reached XP level 2. HP: 15/15 MP: 1/5
   307 | D:1      | Reached skill level 4 in Earth Magic
   724 | D:1      | Reached skill level 1 in Conjurations
   887 | D:2      | Reached XP level 3. HP: 19/19 MP: 3/6
   891 | D:2      | Learned a level 3 spell: Stone Arrow
   953 | D:2      | Learned a level 1 spell: Magic Dart
  1219 | D:2      | Identified the +6 ring mail "Lunata" {rN+ Dex+6}
  1503 | D:3      | Found a runed translucent door.
  1504 | D:3      | Noticed Crazy Yiuf
  1525 | D:3      | Noticed Grinder
  1543 | D:3      | Killed Grinder
  1544 | D:3      | Reached skill level 1 in Short Blades
  1544 | D:3      | Reached skill level 5 in Earth Magic
  1544 | D:3      | Reached XP level 4. HP: 15/24 MP: 0/9
  1544 | D:3      | Reached XP level 5. HP: 18/28 MP: 0/10
  1544 | D:3      | Reached XP level 6. HP: 21/33 MP: 0/11
  1565 | D:3      | Found a transporter.
  1578 | D:3      | Found a transporter.
  1584 | D:3      | Found a one-way gate to the infinite horrors of the Abyss.
  1584 | D:3      | Noticed Ablot's ghost (amateur GnWr)
  1605 | D:3      | Found a glowing drain.
  1631 | Sewer    | Entered a sewer
  3545 | D:3      | Reached skill level 6 in Earth Magic
  3545 | D:3      | Reached XP level 7. HP: 37/37 MP: 5/12
  4137 | D:3      | Killed Crazy Yiuf
  5465 | D:5      | Entered Level 5 of the Dungeon
  5526 | D:5      | Noticed Edmund
  5529 | D:5      | Killed Edmund
  5530 | D:5      | Reached XP level 8. HP: 42/42 MP: 13/15
  5644 | D:5      | Reached skill level 1 in Armour
  5644 | D:5      | Reached skill level 5 in Spellcasting
  5644 | D:5      | Reached skill level 5 in Conjurations
  5644 | D:5      | Reached skill level 7 in Earth Magic
  5697 | D:5      | Noticed a wraith
  5701 | D:5      | Killed a wraith
  6329 | D:5      | Found a staircase to the Ecumenical Temple.
  6335 | Temple   | Entered the Ecumenical Temple
  6438 | Temple   | Became a worshipper of Vehumet
  6755 | D:6      | Reached skill level 1 in Fighting
  7135 | D:6      | Reached skill level 8 in Earth Magic
  7135 | D:6      | Reached XP level 9. HP: 48/48 MP: 17/17
  7357 | D:6      | Reached skill level 1 in Long Blades
  7857 | D:6      | Learned a level 2 spell: Searing Ray
  8292 | D:7      | Reached * piety under Vehumet
  8292 | D:7      | Offered knowledge of Freeze by Vehumet.
  8627 | D:7      | Found a transporter.
  8943 | D:7      | Found a transporter.
  9339 | D:8      | Noticed Erica
  9345 | D:8      | Killed Erica
  9346 | D:8      | Reached XP level 10. HP: 56/56 MP: 19/20
  9424 | D:8      | Reached skill level 9 in Earth Magic
  9428 | D:8      | Offered knowledge of Poisonous Vapours by Vehumet.
  9429 | D:8      | Reached ** piety under Vehumet
  9615 | D:8      | Found a glowing silver altar of Zin.
  9714 | D:8      | Noticed a brown ugly thing
  9722 | D:8      | Killed a brown ugly thing
  9804 | D:8      | Noticed Maurice
  9821 | D:8      | Killed Maurice
 10056 | D:8      | Noticed Grum
 10063 | D:8      | Killed Grum
 10064 | D:8      | Reached skill level 5 in Fighting
 10431 | D:9      | Reached skill level 5 in Armour
 10496 | D:9      | Found a flagged portal.
 10519 | Bailey   | Entered a bailey
 10771 | Bailey   | Offered knowledge of Ignite Poison by Vehumet.
 11253 | D:9      | Reached *** piety under Vehumet
 11255 | D:9      | Noticed an elephant
 11265 | D:9      | Killed an elephant
 11400 | D:9      | Found a staircase to the Lair.
 11510 | D:9      | Reached XP level 11. HP: 64/64 MP: 20/22
 11512 | D:9      | Reached skill level 10 in Earth Magic
 11690 | D:9      | Learned a level 4 spell: Fulminant Prism
 11761 | D:9      | Offered knowledge of Hailstorm by Vehumet.
 12111 | D:10     | Entered Level 10 of the Dungeon
 12132 | D:10     | Noticed a rakshasa
 12139 | D:10     | Noticed a centaur warrior
 12156 | D:10     | Killed a centaur warrior
 12159 | D:10     | Killed a rakshasa
 12347 | D:10     | Noticed a deep elf pyromancer
 12349 | D:10     | Killed a deep elf pyromancer
 12349 | D:10     | Noticed an ogre mage
 12350 | D:10     | Reached skill level 1 in Shields
 12354 | D:10     | Killed an ogre mage
 12440 | D:10     | Noticed a manticore
 12445 | D:10     | Killed a manticore
 12835 | D:10     | Noticed a centaur warrior
 12852 | D:9      | Slain by an orc warrior

Illustrated notes

Levels and vault maps discovered:
D:1:      arrival_zaba_pyramid, layout_basic,
          shapermc_ecumenical_altar_rom_forum
D:2:      layout_rooms
D:3:      layout_basic, portal_sewer_entry_a, gammafunk_ghost_abyssal_escape,
          kennysheep_boxes, uniq_crazy_yiuf_cottage, uniq_grinder
D:4:      layout_cave_pods
D:5:      layout_basic, minmay_temple_entry_gardened_gates, uniq_edmund
D:6:      layout_basic
D:7:      gammafunk_cloud_chamber, layout_basic
D:8:      layout_cave_pools, lemuel_round_altar, uniq_grum, uniq_erica,
          uniq_maurice
D:9:      layout_grid_maze, david_lair_generic, enter_bailey_5
D:10:     minmay_blocky_corners, layout_cave_pods
Temple:   roderic_octagonal_lattice_temple

Skill      XL: |  1  2  3  4  5  6  7  8  9 10 11 |
---------------+----------------------------------+-----
Earth Magic    | 4 5 6 8 9 10 | 10.5
Conjurations   | 1 2 3 4 5 7 8 9 |  9.0
Short Blades   | 1 |  1.3
Spellcasting   | 3 4 5 6 7 8 |  8.4
Armour         | 3 4 5 |  5.7
Fighting       | 1 4 5 6 |  6.9
Long Blades    | 2 3 |  3.9
Dodging        | 2 3 |  3.4
Shields        | 1 |  1.6
Stealth        | |  2.1
Hexes          | |  0.1
Transmutations | |  0.7

Action                   |  1- 3 |  4- 6 |  7- 9 | 10-12 || total
-------------------------+-------+-------+-------+-------++-------
Melee: Short sword       |    24 |    29 |       |       ||    53
       Scimitar          |       |       |    36 |    95 ||   131
       Punch             |       |       |     1 |     1 ||     2
 Cast: Sandblast         |    31 |    14 |     3 |     7 ||    55
       Stone Arrow       |     6 |    39 |   123 |   141 ||   309
       Magic Dart        |     6 |     2 |    48 |    61 ||   117
       Searing Ray       |       |       |     2 |       ||     2
       Fulminant Prism   |       |       |       |     3 ||     3
Evoke: Wand              |       |       |       |     1 ||     1
  Use: Scroll            |     3 |     1 |     9 |     4 ||    17
       Potion            |     2 |       |       |       ||     2
Armor: Robe              |     4 |    10 |     2 |       ||    16
       Ring mail         |       |       |    42 |   124 ||   166
Dodge: Dodged            |    19 |    35 |    77 |   190 ||   321
       Repelled          |       |       |       |     1 ||     1
Block: Kite shield       |       |       |       |    25 ||    25
